 Dungeon Crawl Stone Soup version 0.29-a0-925-g0a7a3d12f8 (webtiles) character file.

Game seed: 15281835692269206944

26026 bongz the Unseen (level 12, -30/61 HPs)
             Began as a Spriggan Enchanter on July 29, 2022.
             Was an Elder of Dithmenos.
             Killed from afar by a crystal guardian (64 damage)
             ... with a crystal bolt
             ... on level 12 of the Dungeon.
             The game lasted 00:36:47 (13067 turns).

bongz the Unseen (Spriggan Enchanter)              Turns: 13067, Time: 00:36:57

Health: -30/61     AC: 13    Str:  8    XL:     12   Next: 94%
Magic:  29/29      EV: 23    Int: 21    God:    Dithmenos [****..]
Gold:   3300       SH:  0    Dex: 16    Spells: 28/36 levels left

rFire   . . .      SeeInvis +   g - +5 dagger (drain)
rCold   . . .      Faith    .   (no shield)
rNeg    . . .      Spirit   .   K - +3 steam dragon scales
rPois   .          Reflect  .   (helmet restricted)
rElec   .          Harm     .   a - +0 cloak
rCorr   .          Rampage  .   (gloves unavailable)
Will    ++...                   (boots unavailable)
Stlth   +++++++++.              d - amulet of regeneration
HPRegen 1.00/turn               e - ring of Qickamemm {AC+4 Int+4}
MPRegen 0.21/turn               P - +4 ring of slaying

@: mighty, wreathed by umbra, studying Translocations, very quick
A: very small, no large weapons, unfitting armour, see invisible, speed 3
a: Renounce Religion, Shadow Step


You were on level 12 of the Dungeon.
You worshipped Dithmenos.
Dithmenos was greatly pleased with you.
You visited 2 branches of the dungeon, and saw 13 of its levels.
You also visited: Bailey.

You collected 3300 gold pieces.

Inventory:

Hand Weapons
 g - a +5 dagger of draining (weapon)
 y - a +2 dagger of speed
 O - a +6 dagger of speed
Missiles
 c - 3 throwing nets
 j - 4 atropa-tipped darts (quivered)
 l - 18 poisoned darts
 m - 5 datura-tipped darts
Armour
 a - a +0 cloak (worn)
 K - +3 steam dragon scales (worn)
Jewellery
 d - an amulet of regeneration (around neck)
 e - the ring of Qickamemm (left hand) {AC+4 Int+4}
   (You found it on level 2 of the Dungeon)

   [ring of protection]

   AC:        It affects your AC (+4).
   Int:       It affects your intelligence (+4).
 u - a ring of protection from cold
 v - a +4 ring of protection
 x - a +4 ring of evasion
 E - the ring "Pugu" {rF+ rC+ Int+4 Dex+3}
   (You found it on level 7 of the Dungeon)

   [ring of protection from fire]

   Int:       It affects your intelligence (+4).
   Dex:       It affects your dexterity (+3).
   rF:        It protects you from fire.
   rC:        It protects you from cold.
 I - a ring of protection from fire
 P - a +4 ring of slaying (right hand)
Wands
 w - a wand of iceblast (2)
 D - a wand of paralysis (18)
 G - a wand of flame (18)
Scrolls
 b - a scroll of vulnerability
 p - 2 scrolls of amnesia
 s - 3 scrolls of magic mapping
 z - 2 scrolls of butterflies
 A - a scroll of blinking
 F - 4 scrolls of teleportation
 M - a scroll of brand weapon
Potions
 f - 3 potions of cancellation
 h - a potion of attraction {unknown}
 i - 3 potions of heal wounds
 k - a potion of might
 n - 3 potions of ambrosia
 o - 13 potions of curing
 q - 2 potions of brilliance
 r - a potion of resistance
 B - 2 potions of magic
 H - a potion of haste {unknown}
 N - 2 potions of flight
Miscellaneous
 C - a phantom mirror (inert)
 L - a phial of floods


   Skills:
 + Level 6.1 Fighting
 + Level 8.7 Short Blades
 + Level 10.2 Dodging
 + Level 15.7 Stealth
 + Level 12.8 Spellcasting
 + Level 13.0 Hexes


You had 28 spell levels left.
You knew the following spells:

 Your Spells              Type           Power      Damage    Failure   Level
a - Ensorcelled Hibernat  Hex/Ice        80%        N/A       1%          2
b - Tukima's Dance        Hex            62%        N/A       1%          3
d - Confusing Touch       Hex            62%        N/A       1%          3

Your spell library contained the following spells:

 Spells                   Type           Power      Damage    Failure   Level
 Dazzling Flash           Conj/Hex       80%        N/A       1%          3
 Inner Flame              Hex/Fire       40%        N/A       1%          3
 Foxfire                  Conj/Fire      52%        2x1d6     4%          1
 Poisonous Vapours        Pois/Air       26%        N/A       8%          2
 Conjure Flame            Conj/Fire      13%        6-21      14%         3
 Corpse Rot               Necr/Pois/Air  13%        N/A       43%         4
 Flame Wave               Conj/Fire      13%        2d6       43%         4


Dungeon Overview and Level Annotations

Branches:
Dungeon (12/15)            Temple (1/1) D:7            Lair (0/5) D:9
    Orc (0/2) D:12         Bailey (visited)

Altars:
Ashenzari
Cheibriados
Dithmenos
Elyvilon
Fedhas
Gozag
Hepliaklqana
Kikubaaqudgha
Makhleb
Nemelex Xobeh
Okawaru
Qazlal
Ru
Sif Muna
Trog
Uskayaw
Vehumet
Wu Jian
Xom
Yredelemnul
Zin
The Shining One


Innate Abilities, Weirdness & Mutations

You are very small and have problems with some larger weapons.
You are too small for most types of armour.
You have supernaturally acute eyesight. (SInv)
You cover ground extremely quickly. (Speed+++)


Message History

Okay, then.
Unknown command.
Okay, then.
Okay, then.
Aiming: Phantom Mirror
Press: ? - help, Dir - move target, f - crystal guardian
Aim: a crystal guardian (wandering, hasn't noticed you, umbra)
You reflect the crystal guardian with the mirror!
The mirror clouds!
Your crystal guardian hits the crystal guardian.
The crystal guardian fires a crystalline bolt at you.
The crystal bolt burns you!!
You emit a cloud of dark smoke.
You feel much better.
Your crystal guardian hits the crystal guardian but does no damage.
You feel very mighty all of a sudden.
You hit the crystal guardian.
The crystal guardian is lightly damaged.
You hit the crystal guardian but do no damage.
The crystal guardian is lightly damaged.
The crystal guardian hits you but does no damage.
You hit the crystal guardian.
The crystal guardian is lightly damaged.
Your shadow hits the crystal guardian but does no damage.
You impale the crystal guardian!!
The crystal guardian is moderately damaged.
Your crystal guardian hits the crystal guardian but does no damage.
The crystal guardian closely misses you.
You hit the crystal guardian but do no damage.
The crystal guardian is moderately damaged.
You hit the crystal guardian but do no damage.
The crystal guardian is moderately damaged.
Your crystal guardian hits the crystal guardian!
The crystal guardian closely misses you.
You hit the crystal guardian.
The crystal guardian is heavily damaged.
Your crystal guardian hits the crystal guardian but does no damage.
The crystal guardian fires a crystalline bolt at you.
The crystal bolt burns you!! The crystal bolt burns you!!!
Ouch! That really hurt!
You die...

..............#
..............####
.................#
......###..#####.#
...........# #.#
..........## #.#
(........## #§##
#.........######§§#####
.............§.§@§§...#
#.....#####..§§9##§...#
#.....#...#..§§9#.....#
##...##...##..§##.).(.#
.##.##.....##.##....#[#
.)###..)#...###...###.#
.=.....###....)..##...#
#.....##.##)....##....#
#...)[#.=.#.....#.....#


You could see a crystal guardian (ally target) and a friendly crystal guardian
(summoned, drained).

Vanquished Creatures
  An orc warlord (Bailey)
  A hydra (D:12)
  2 boulder beetles
  A catoblepas (D:12)
  A two-headed ogre (D:11)
  2 tengu warriors (D:12)
  Nergalle (D:11)
  The ghost of meliss the Carver, a novice MiFi of the Shining One (D:9)
  Amaemon (D:11)
  Pikel (D:6)
  2 ugly things
  A manticore (D:12)
  2 cyclopes (D:12)
  Maurice (D:12)
  An orange demon (D:11)
  A kobold demonologist (D:12)
  A gargoyle (D:12)
  Psyche (D:10)
  A queen bee (D:9)
  6 trolls
  2 hornets
  2 slime creatures (D:12)
  A shadow (D:10)
  A wraith (D:12)
  2 wyverns
  A steam dragon (D:9)
  24 yaks
  A basilisk (D:12)
  11 vampire mosquitoes
  3 acid dragons (D:12)
  A water moccasin (D:9)
  2 black bears (D:4)
  15 orc warriors
  2 ice beasts
  An ogre (D:4)
  A sky beast (D:8)
  11 centaurs
  A phantom (D:5)
  Blork the orc (D:6)
  A kobold brigand (D:10)
  2 bullfrogs
  2 scorpions (D:5)
  2 wights (D:7)
  23 killer bees
  6 howler monkeys
  4 hounds
  A gnoll bouda (D:6)
  A jelly (D:5)
  9 orc priests
  Jessica (D:3)
  Terence (D:3)
  13 orc wizards
  Robin (D:3)
  13 gnolls
  6 adders
  3 white imps
  An ufetubus (D:6)
  A worm (D:4)
  5 dart slugs
  41 orcs
  7 ball pythons
  4 endoplasms
  6 giant cockroaches
  26 goblins
  20 hobgoblins
  6 jackals
  18 kobolds
  5 quokkas
  6 bats
  3 frilled lizards
  5 rats
355 creatures vanquished.

Vanquished Creatures (collateral kills)
  A two-headed ogre (D:12)
  A deep elf pyromancer (D:12)
  An orc warrior (Bailey)
  An ogre (D:4)
  3 gnoll sergeants
  A wight (D:7)
  A jelly (D:8)
  A gnoll bouda (D:9)
  An orc wizard (D:10)
  12 gnolls
  5 orcs (Bailey)
  A goblin (Bailey)
29 creatures vanquished.

Vanquished Creatures (others)
  15 dancing weapons
  A wight (D:9)
  10 plants (D:9)
26 creatures vanquished.

Grand Total: 410 creatures vanquished

Notes
Turn   | Place    | Note
-------+----------+-------------------------------------------
     0 | D:1      | bongz the Spriggan Enchanter began the quest for the Orb.
     0 | D:1      | Reached XP level 1. HP: 9/9 MP: 5/5
   336 | D:1      | Reached XP level 2. HP: 12/13 MP: 7/7
   346 | D:1      | Learned a level 2 spell: Ensorcelled Hibernation
  1199 | D:1      | Found a faded altar of an unknown god.
  1278 | D:2      | Identified the ring of Qickamemm {AC+4 Int+4}
  1319 | D:2      | Reached XP level 3. HP: 16/16 MP: 9/9
  1323 | D:2      | Learned a level 3 spell: Tukima's Dance
  1327 | D:2      | Learned a level 3 spell: Confusing Touch
  1757 | D:2      | Reached XP level 4. HP: 19/21 MP: 11/11
  1859 | D:3      | Reached skill level 5 in Hexes
  1864 | D:3      | Noticed Terence
  1890 | D:3      | Killed Terence
  2180 | D:3      | Noticed Robin
  2317 | D:4      | Found a blossoming altar of Fedhas.
  2320 | D:4      | Noticed a black bear
  2341 | D:4      | Reached skill level 5 in Spellcasting
  2341 | D:4      | Reached XP level 5. HP: 13/24 MP: 11/13
  2689 | D:3      | Killed Robin
  2734 | D:3      | Noticed Jessica
  2741 | D:3      | Killed Jessica
  2879 | D:4      | Reached skill level 5 in Stealth
  2990 | D:4      | Killed a black bear
  2991 | D:4      | Reached XP level 6. HP: 10/28 MP: 15/15
  3285 | D:4      | Reached skill level 6 in Stealth
  3338 | D:4      | Reached XP level 7. HP: 32/32 MP: 15/17
  3680 | D:4      | Reached skill level 7 in Stealth
  3716 | D:5      | Entered Level 5 of the Dungeon
  4141 | D:5      | Noticed a yak
  4141 | D:5      | Noticed a yak
  4141 | D:5      | Noticed a yak
  4143 | D:5      | Noticed a yak
  4144 | D:5      | Noticed a yak
  4157 | D:5      | Killed a yak
  4157 | D:5      | Killed a yak
  4157 | D:5      | Killed a yak
  4157 | D:5      | Killed a yak
  4157 | D:5      | Killed a yak
  4158 | D:5      | Reached skill level 9 in Stealth
  4158 | D:5      | Reached XP level 8. HP: 32/36 MP: 15/21
  4445 | D:5      | Reached skill level 10 in Stealth
  4749 | D:6      | Noticed Pikel
  4755 | D:6      | Killed Pikel
  4756 | D:6      | Reached XP level 9. HP: 39/39 MP: 19/23
  4804 | D:6      | Reached skill level 11 in Stealth
  4942 | D:6      | Identified a scroll of acquirement
  4942 | D:6      | Acquired 978 gold pieces
  5162 | D:6      | Noticed Blork the orc
  5171 | D:6      | Killed Blork the orc
  5545 | D:7      | Reached skill level 1 in Fighting
  5721 | D:7      | Found a flagged portal.
  5734 | Bailey   | Entered a bailey
  5874 | Bailey   | Reached skill level 10 in Hexes
  6009 | Bailey   | Identified the +7 arbalest of the Scroll {freeze, *Slow Fly
                  | rPois rCorr}
  6009 | Bailey   | Noticed an orc warlord
  6068 | Bailey   | Killed an orc warlord
  6069 | Bailey   | Reached skill level 12 in Stealth
  6069 | Bailey   | Reached skill level 10 in Spellcasting
  6069 | Bailey   | Reached XP level 10. HP: 47/47 MP: 16/25
  6153 | Bailey   | Reached skill level 5 in Dodging
  6847 | D:7      | Found a staircase to the Ecumenical Temple.
  6879 | Temple   | Entered the Ecumenical Temple
  7334 | D:7      | Found an ancient bone altar of Kikubaaqudgha.
  7343 | D:7      | Identified the ring "Pugu" {rF+ rC+ Int+4 Dex+3}
  7423 | D:8      | Found a broken altar of Ashenzari.
  7546 | D:8      | Reached skill level 5 in Short Blades
  8097 | D:8      | Found a shadowy altar of Dithmenos.
  8103 | D:8      | Found an ornate altar of the Wu Jian Council.
  8113 | D:8      | Found a radiant altar of Vehumet.
  8113 | D:8      | Found a shimmering blue altar of Sif Muna.
  8113 | D:8      | Found a stormy altar of Qazlal.
  8121 | D:8      | Became a worshipper of Dithmenos the Shadowed
  8126 | D:8      | Found a snail-covered altar of Cheibriados.
  8183 | D:8      | Reached skill level 13 in Stealth
  8530 | D:9      | Reached XP level 11. HP: 53/53 MP: 19/26
  8543 | D:9      | Acquired 648 gold pieces
  8548 | D:9      | Acquired 756 gold pieces
  8580 | D:9      | Found a runed translucent gate.
  8580 | D:9      | Found a runed translucent gate.
  8580 | D:9      | Found a runed translucent gate.
  8580 | D:9      | Noticed meliss's ghost (novice MiFi)
  8661 | D:9      | Reached * piety under Dithmenos
  9175 | D:9      | Found a staircase to the Lair.
  9444 | D:9      | Found a sparkling altar of Nemelex Xobeh.
  9444 | D:9      | Found a transporter.
  9444 | D:9      | Noticed an ogre mage
  9532 | D:9      | Killed meliss's ghost
  9664 | D:10     | Entered Level 10 of the Dungeon
  9750 | D:10     | Reached ** piety under Dithmenos
  9796 | D:10     | Noticed Psyche
  9809 | D:10     | Killed Psyche
 10631 | D:11     | Noticed Amaemon
 10634 | D:11     | Killed Amaemon
 10635 | D:11     | Reached skill level 14 in Stealth
 10769 | D:11     | Noticed Nergalle
 10779 | D:11     | Noticed a spectral orc warlord
 10781 | D:11     | Killed Nergalle
 11007 | D:11     | Noticed a two-headed ogre
 11016 | D:11     | Killed a two-headed ogre
 11131 | D:11     | Reached *** piety under Dithmenos
 11151 | D:11     | Reached skill level 5 in Fighting
 11353 | D:11     | Noticed a white ugly thing
 11358 | D:11     | Killed a white ugly thing
 11359 | D:11     | Reached XP level 12. HP: 60/60 MP: 28/28
 11411 | D:11     | Noticed a boulder beetle
 11418 | D:11     | Killed a boulder beetle
 11763 | D:12     | Found a staircase to the Orcish Mines.
 11828 | D:12     | Noticed a tengu warrior
 11829 | D:12     | Noticed a tengu warrior
 11829 | D:12     | Noticed a crystal guardian
 11830 | D:12     | Noticed a catoblepas
 11830 | D:12     | Noticed a seven-headed hydra
 11834 | D:12     | Killed a catoblepas
 11843 | D:12     | Noticed a two-headed ogre
 12075 | D:12     | Reached skill level 15 in Stealth
 12234 | D:12     | Killed a seven-headed hydra
 12462 | D:12     | Noticed Maurice
 12468 | D:12     | Killed Maurice
 12554 | D:12     | Noticed a boulder beetle
 12568 | D:12     | Killed a boulder beetle
 12681 | D:12     | Killed a tengu warrior
 12682 | D:12     | Reached skill level 10 in Dodging
 12684 | D:12     | Killed a tengu warrior
 12935 | D:12     | Reached **** piety under Dithmenos
 12937 | D:12     | Killed a two-headed ogre
 13067 | D:12     | Killed from afar by a crystal guardian

Illustrated notes

Levels and vault maps discovered:
D:1:      minmay_arrival_jagged, layout_basic, chequers_ecumenical_altar_lobes,
          roderic_lattice_a
D:2:      layout_rooms, chequers_serial_rivers_large_b, minmay_tiny_reverse_x
D:3:      layout_loops_ring, uniq_jessica, uniq_terence, uniq_robin
D:4:      layout_loops_ring, fedhas_altar_1, kennysheep_flooded_box
D:5:      layout_basic, st_stairs_1, hangedman_abyss_or_decor_slice
D:6:      layout_basic, hangedman_decor_peaks_small, uniq_pikel,
          uniq_blork_the_orc
D:7:      layout_rooms, kennysheep_mini, temple_hall, enter_bailey_2
D:8:      layout_basic, minitemple, cheibrodos_ashenzari_chains
D:9:      layout_rooms, grunt_nemelex_the_gamble, dpeg_oklobed_lair,
          serial_corexii_hall, chequers_hall_statues_corner_a,
          corexii_hall_statues_x, gammafunk_ghost_split,
          nicolae_looking_at_the_future
D:10:     layout_cross, uniq_psyche
D:11:     layout_gridville, uniq_amaemon, uniq_nergalle
D:12:     minmay_connected_boxes_in_corner, layout_cave_pools, orc_0_dummy,
          uniq_maurice
Temple:   minmay_temple_forest_path

Skill      XL: |  1  2  3  4  5  6  7  8  9 10 11 12 |
---------------+-------------------------------------+-----
Spellcasting   | 3 4 5 6 8 9 10 11 12 | 12.8
Hexes          | 4 5 6 8 9 10 11 12 13 | 13.0
Stealth        | 5 6 9 10 12 13 14 15 | 15.7
Dodging        | 4 6 8 10 | 10.2
Fighting       | 2 3 5 6 |  6.1
Short Blades   | 3 5 7 8 |  8.7

Action                   |  1- 3 |  4- 6 |  7- 9 | 10-12 || total
-------------------------+-------+-------+-------+-------++-------
Melee: Dagger            |   107 |   190 |   258 |   578 ||  1133
       Punch             |     4 |     2 |     6 |     7 ||    19
Throw: Dart              |       |       |     3 |       ||     3
       Throwing net      |       |       |     1 |       ||     1
 Cast: Ensorcelled Hiber |     6 |     5 |    25 |   142 ||   178
       Tukima's Dance    |       |     3 |    31 |    34 ||    68
       Confusing Touch   |       |       |     3 |    14 ||    17
Invok: Shadow Step       |       |       |       |     3 ||     3
Evoke: Wand              |       |       |     3 |       ||     3
       Phantom mirror    |       |       |       |     1 ||     1
  Use: Scroll            |     5 |     2 |    10 |    16 ||    33
       Potion            |       |     1 |     4 |     3 ||     8
 Stab: Sleeping          |    10 |    19 |    28 |   100 ||   157
       Distracted        |       |     1 |       |     2 ||     3
       Confused          |       |       |     4 |    12 ||    16
       Invisible         |       |       |     3 |       ||     3
Armor: Robe              |    10 |    29 |    64 |    49 ||   152
       Steam dragon scal |       |       |       |   132 ||   132
Dodge: Dodged            |    77 |   115 |   281 |   930 ||  1403
       Repelled          |     1 |     2 |     1 |     4 ||     8

Table legend: (Time is in decaauts)
 A = Elapsed time spent in this place.
 B = Non-inter-level travel time spent in this place.
 C = Inter-level travel time spent in this place.
 D = Time resting spent in this place.
 E = Time spent auto-exploring this place.
 F = Levels seen in this place.
 G = Mean time per level.
                   A        B        C        D        E       F      G
               +--------+--------+--------+--------+--------+-----+--------+
         Total |   9527 |   9319 |    208 |    565 |   6097 |  14 |  680.5 |
       Dungeon |   8575 |   8392 |    183 |    544 |   5581 |  12 |  714.6 |
        Temple |    223 |    198 |     25 |      0 |    190 |   1 |  223.0 |
        Bailey |    728 |    728 |      0 |     20 |    324 |   1 |  728.0 |
               +--------+--------+--------+--------+--------+-----+--------+

Top non-repeatable levels by time:
    D:12: 1117 daAuts
     D:9: 941 daAuts
     D:4: 893 daAuts
     D:1: 887 daAuts
     D:8: 804 daAuts
    D:11: 741 daAuts
  Bailey: 728 daAuts
     D:5: 710 daAuts
     D:6: 597 daAuts
    D:10: 551 daAuts
     D:3: 474 daAuts
     D:2: 430 daAuts
     D:7: 426 daAuts
  Temple: 223 daAuts
